 Dungeon Crawl Stone Soup version 0.31-a0-426-g3a05650e59 (webtiles) character file.

Game seed: 1066386581126140015

8 bobarctor the Grave Robber (level 2, 19/19 HPs)
             Began as a Demonspawn Necromancer on July 31, 2023.
             Got out of the dungeon alive.
             The game lasted 00:01:27 (376 turns).

bobarctor the Grave Robber (Demonspawn Necromancer)  Turns: 376, Time: 00:01:28

Health: 19/19      AC:  2    Str:  8    XL:     2   Next: 0%
Magic:  5/5        EV: 12    Int: 16    God:
Gold:   36         SH:  0    Dex: 13    Spells: 4/5 levels left

rFire   . . .        c - +0 hand axe
rCold   . . .        (no shield)
rNeg    . . .        a - +0 robe
rPois   .            (no helmet)
rElec   .            (no cloak)
rCorr   .            (no gloves)
SInv    .            (no boots)
Will    .....        (no amulet)
Stlth   ++           (no ring)
HPRegen 0.23/turn    (no ring)
MPRegen 0.09/turn

%: no passive effects
@: no status effects
A: weakness stinger 1
a: no special abilities


You escaped.
You visited 1 branch of the dungeon, and saw 1 of its levels.

You collected 36 gold pieces.

Inventory:

Hand Weapons
 c - a +0 hand axe (weapon)
Missiles
 d - 6 stones
Armour
 a - a +0 robe (worn)
Scrolls
 e - a scroll of identify {unknown}
Potions
 b - a potion of magic


   Skills:
 + Level 1.8 Dodging
 + Level 1.9 Stealth
 * Level 2.1 Spellcasting
 + Level 4.6 Necromancy


You had 4 spell levels left.
You knew the following spells:

 Your Spells              Type           Power      Damage    Failure   Level
a - Necrotise             Necr           64%        1d7       3%          1

Your spell library contained the following spells:

 Spells                   Type           Power      Damage    Failure   Level
 Vampiric Draining        Necr           16%        2d7       9%          3
 Animate Dead             Necr           16%        N/A       30%         4
 Agony                    Necr           16%        N/A       63%         5


Dungeon Overview and Level Annotations

Branches:
Dungeon (1/15)

Altars:


Innate Abilities, Weirdness & Mutations

You have a small tail.


Message History

Aim: a bat (asleep, chance to affect: 86%)
The bat writhes in agony.
You kill the bat!
Your rat skeleton crumbles into dust!
You now have 36 gold pieces (gained 19).
Found a robe.
A frilled lizard comes into view.
The frilled lizard hisses angrily.
You see here a scroll labelled QUALIUGREPOA.
Aiming: Necrotise (safe; 3% risk of failure)
Press: ? - help, Q - select action, (/) - cycle Shift-Dir - straight line, f - frilled lizard
Aim: a frilled lizard (chance to affect: 86%)
The frilled lizard writhes in agony.
You kill the frilled lizard!
The dead are walking!
Your bat skeleton crumbles into dust!
e - a scroll labelled QUALIUGREPOA You see here a +0 robe.
You swap places.
Your frilled lizard skeleton crumbles into dust!
There is an open door here.
There is a stone staircase leading down here.
You open the door.
A goblin comes into view. It is wielding a +0 club.
Aiming: Necrotise (safe; 3% risk of failure)
Press: ? - help, Q - select action, (/) - cycle Shift-Dir - straight line, f - goblin
Aim: a goblin, wielding a +0 club (asleep, chance to affect: 86%)
The goblin shouts!
The goblin writhes in agony.
You kill the goblin!
The dead are walking!
You have reached level 2!
Your demonic ancestry asserts itself...
You grow a small tail.
There is an open door here.
There is an open door here.
There is an open door here.
There is a staircase leading out of the dungeon here.
Are you sure you want to leave the Dungeon?
This will make you lose the game!
You have escaped!

#.................#....##.#
.......................##.#
...PPPPP...PPPPP..........#
#..P...........P...#......#####
#..P..♣.....♣..P...............
#..P...........P..##.....####.#
.######'######...#...#.# #.#
#..#...#...#...#.......#.# #.#
#..#...'...'..@#...#.###.# #.#
#..#...#.#######.........# #.#
#..#...#.#.....#..##.##### #.#
# #####.'.....#..##.# .#.
#...'.#.....#..##.# # #
#⌠⌠.#.#.....#..##.#
#############.....# ...
........#### ... #########


There were no monsters in sight!

Vanquished Creatures
  A dart slug (D:1)
  A bat (D:1)
  A goblin (D:1)
  A hobgoblin (D:1)
  A frilled lizard (D:1)
  A rat (D:1)
6 creatures vanquished.

Notes
Turn   | Place    | Note
-------+----------+-------------------------------------------
     0 | D:1      | bobarctor the Demonspawn Necromancer began the quest for
                  | the Orb.
     0 | D:1      | Reached XP level 1. HP: 13/13 MP: 3/3
   335 | D:1      | Gained mutation: You have a small tail. [demonic ancestry]
   335 | D:1      | Reached XP level 2. HP: 19/19 MP: 3/5
   376 | D:$      | Got out of the dungeon alive.

Illustrated notes

Levels and vault maps discovered:
D:1:      evilmike_arrival_home_sweet_home, layout_loops_corners

Action                     || total
---------------------------++-------
  Melee: Hand axe          ||     2
   Cast: Necrotise         ||    11
  Dodge: Dodged            ||     2

Table legend: (Time is in decaauts)
 A = Elapsed time spent in this place.
 B = Non-inter-level travel time spent in this place.
 C = Inter-level travel time spent in this place.
 D = Time resting spent in this place.
 E = Time spent auto-exploring this place.
 F = Levels seen in this place.
 G = Mean time per level.
                   A        B        C        D        E       F      G
               +--------+--------+--------+--------+--------+-----+--------+
         Total |    376 |    336 |     40 |     77 |    208 |   1 |  376.0 |
       Dungeon |    376 |    336 |     40 |     77 |    208 |   1 |  376.0 |
               +--------+--------+--------+--------+--------+-----+--------+

Top non-repeatable levels by time:
     D:1: 376 daAuts
